 Dungeon Sprint DCSS version 0.30-a0-743-gbfdf073431 (webtiles) character file.

Game seed: 7306921650903127308

25 BigDaddyOpFi the Ducker (level 3, -2/40 HPs)
             Began as an Octopode Fighter on Feb 6, 2023.
             Was a Believer of Qazlal.
             Slain by an orc
             ... wielding a +0 trident
              (6 damage)
             ... in the Dungeon (Sprint VII: "The Pits").
             The game lasted 00:00:28 (212 turns).

BigDaddyOpFi the Ducker (Octopode Fighter)           Turns: 212, Time: 00:00:30

Health: -2/40      AC:  1    Str: 17    XL:     3   Next: 4%
Magic:  3/5        EV: 13    Int: 10    God:    Qazlal [**....]
Gold:   0          SH:  7    Dex: 11    Spells: 2/2 levels left

rFire   . . .      SeeInvis .    a - +0 war axe
rCold   . . .      Faith    .    b - +0 buckler
rNeg    . . .      Spirit   .    (helmet restricted)
rPois   .          Reflect  .    (no amulet)
rElec   .          Harm     .    (no ring)
rCorr   .          Rampage  .    (no ring)
Will    .....      NoTele   +    (no ring) Stlth
                                 (no ring)
HPRegen 0.26/turn                (no ring)
MPRegen 0.09/turn                (no ring)
                                 (no ring)
                                 (no ring)

@: berserking (expiring), lethally poisoned (-2 -> -8), very quick
A: almost no armour, amphibious, 8 rings, camouflage 1, gelatinous body 1,
(nimble swimmer 1), tentacles
a: Renounce Religion, Upheaval


You were in the Dungeon.
You worshipped Qazlal.
Qazlal was pleased with you.
You visited 1 branch

Inventory:

Hand Weapons
 a - a +0 war axe (weapon)
Armour
 b - a +0 buckler (worn)
Scrolls
 i - a scroll of blinking
Potions
 c - a potion of might
 d - a potion of curing
 f - a potion of haste
 g - 4 potions of magic
 h - 2 potions of berserk rage
 j - 2 potions of invisibility


   Skills:
 + Level 3.8 Fighting
 + Level 3.1 Axes
 + Level 3.9 Dodging
 + Level 3.8 Shields
 * Level 2.9 Invocations


You had 2 spell levels left.
You didn't know any spells.
Your spell library was empty.

Dungeon Overview and Level Annotations

Branches:
Dungeon (1/1)

Altars:
Ashenzari
Cheibriados
Dithmenos
Elyvilon
Fedhas
Gozag
Hepliaklqana
Kikubaaqudgha
Makhleb
Nemelex Xobeh
Okawaru
Qazlal
Ru
Sif Muna
Trog
Uskayaw
Vehumet
Wu Jian
Xom
Yredelemnul
Zin
The Shining One
Jiyva
Lugonu


Innate Abilities, Weirdness & Mutations

You cannot wear most types of armour.
You are amphibious.
You can wear up to eight rings at the same time.
Your skin changes colour to match your surroundings (Stealth+).
Your rubbery body absorbs attacks. (AC +1, EV +1)
((You are camouflaged when in or above water. (Stealth+)))
You have tentacles for arms and can constrict up to eight enemies at once.


Message History

Qazlal accepts your kill.
The orc wizard hits you with a +0 dagger of venom.
You are poisoned.
The jackal closely misses you.
Your Axes skill increases to level 3!
There is an open door here.
You slice the orc!!
You kill the orc!
Qazlal accepts your kill.
You can now call upon nature to destroy your foes.
You slash the jackal!
You kill the jackal!
Qazlal accepts your kill.
You slash the orc wizard! You slash the jackal!
You kill the jackal!
Qazlal accepts your kill.
You feel very sick. The orc wizard casts a spell at you.
The magic dart hits you! You block the orc's attack.
You have reached level 3!
Your experience leads to an increase in your attributes!
Increase (S)trength, (I)ntelligence, or (D)exterity?
You feel stronger. x2
Unknown command.
You closely miss the orc wizard. Your grab misses the orc wizard.
Your squeeze misses the orc wizard.
The orc wizard is almost dead.
You slash the jackal!
You kill the jackal!
Qazlal accepts your kill.
You barely miss the quokka.
You hit the orc priest but do no damage.
You feel sick. The quokka bites you. The orc wizard casts a spell at you.
The magic dart hits you!
* * * LOW HITPOINT WARNING * * *
The orc priest hits you with a +0 whip.
* * * LOW HITPOINT WARNING * * *
The orc hits you from afar with a +0 trident.
You die...

#.?(.')))'.##......#..#
##########.##..........
#.........).'...........
#+#####'#####......#..#.
#.†...##...........
#####'#####'#####+
#.....##.......#
#.o.°.##.......#
###@####.......#
#.ohr.##...<...#
....o...##.......#
#........##.......#
###########.......#
#########


You could see an orc priest, an orc wizard, an orc, a quokka and a jackal.

Vanquished Creatures
  A river rat (D)
  An adder zombie (D)
  3 orcs (D)
  An endoplasm (D)
  3 jackals (D)
  A quokka (D)
10 creatures vanquished.

Notes
Turn   | Place    | Note
-------+----------+-------------------------------------------
     0 | D        | BigDaddyOpFi the Octopode Fighter began the quest for the
                  | Orb.
     0 | D        | Reached XP level 1. HP: 16/16 MP: 1/1
    17 | D        | Found a bloodstained altar of Trog.
    17 | D        | Found a shimmering blue altar of Sif Muna.
    17 | D        | Found a viscous altar of Jiyva.
    17 | D        | Found a hazy altar of Hepliaklqana.
    17 | D        | Found an opulent altar of Gozag.
    18 | D        | Found a glowing golden altar of the Shining One.
    18 | D        | Found a glowing silver altar of Zin.
    18 | D        | Found a basalt altar of Yredelemnul.
    18 | D        | Found a shimmering altar of Xom.
    18 | D        | Found an ornate altar of the Wu Jian Council.
    18 | D        | Found a sacrificial altar of Ru.
    18 | D        | Found a stormy altar of Qazlal.
    18 | D        | Found an iron altar of Okawaru.
    18 | D        | Found a sparkling altar of Nemelex Xobeh.
    18 | D        | Found a burning altar of Makhleb.
    18 | D        | Found a blossoming altar of Fedhas.
    18 | D        | Found a white marble altar of Elyvilon.
    18 | D        | Found a shadowy altar of Dithmenos.
    18 | D        | Found a snail-covered altar of Cheibriados.
    19 | D        | Found a radiant altar of Vehumet.
    19 | D        | Found a corrupted altar of Lugonu.
    20 | D        | Found an ancient bone altar of Kikubaaqudgha.
    20 | D        | Found a hide-covered altar of Uskayaw.
    20 | D        | Found a broken altar of Ashenzari.
    23 | D        | Became a worshipper of Qazlal Stormbringer
    53 | D        | Reached XP level 2. HP: 19/21 MP: 1/3
   127 | D        | Reached * piety under Qazlal
   211 | D        | Reached ** piety under Qazlal
   212 | D        | Reached XP level 3. HP: 20/27 MP: 3/5
   212 | D        | Slain by an orc

Illustrated notes

Levels and vault maps discovered:
D:        pitsprint [storerooms_1, entrance_room_1, metal_vault_5, armoury_2,
          mini_pit_1, grid_room_1, main_hall_1, silver_pit, the_coven_3,
          the_vestibule_1, steel_vault_5, golden_pit, hallway_of_sentries,
          crystal_vault_2, iron_vault_2, final_vault]

Skill      XL: |  1  2 |
---------------+-------+-----
Invocations    | 2 |  2.9
Axes           | 3 |  3.1
Fighting       | |  3.8
Dodging        | |  3.9
Shields        | |  3.8

Action                     || total
---------------------------++-------
  Melee: War axe           ||    14
         Constrict         ||     3
         Tentacles         ||     3
    Use: Potion            ||     2
   Stab: Sleeping          ||     1
  Dodge: Dodged            ||     8
  Block: Buckler           ||     6

Table legend: (Time is in decaauts)
 A = Elapsed time spent in this place.
 B = Non-inter-level travel time spent in this place.
 C = Inter-level travel time spent in this place.
 D = Time resting spent in this place.
 E = Time spent auto-exploring this place.
 F = Levels seen in this place.
 G = Mean time per level.
                   A        B        C        D        E       F      G
               +--------+--------+--------+--------+--------+-----+--------+
         Total |    216 |    216 |      0 |    137 |      0 |   1 |  216.0 |
       Dungeon |    216 |    216 |      0 |    137 |      0 |   1 |  216.0 |
               +--------+--------+--------+--------+--------+-----+--------+

Top non-repeatable levels by time:
       D: 216 daAuts
